 Dungeon Crawl Stone Soup version 0.31-a0-177-g4aa6249778 (webtiles) character file.

Game seed: 5871906372584497773

17 Moral the Insei (level 2, 0/18 HPs)
             Began as an Octopode Transmuter on June 18, 2023.
             Slain by a goblin
             ... wielding a +0 club
             ... led by Robin
              (4 damage)
             ... on level 2 of the Dungeon.
             The game lasted 00:01:08 (993 turns).

Moral the Insei (Octopode Transmuter)                Turns: 993, Time: 00:01:09

Health: 0/18       AC:  1    Str:  9    XL:     2   Next: 62%
Magic:  4/5        EV: 13    Int: 15    God:
Gold:   40         SH:  0    Dex: 12    Spells: 4/5 levels left

rFire   . .          .
                       - Unarmed
rCold   . . .        (no shield)
rNeg    . . .        (helmet currently unavailable)
rPois   .            (no amulet)
rElec   .            (no ring)
rCorr   .            (no ring)
SInv    .            (no ring)
Will    .....        (no ring)
Stlth   ++           (no ring)
HPRegen 0.23/turn    (no ring)
MPRegen 0.09/turn    (no ring)
                     (no ring)

%: no passive effects
@: appendages (expiring)
A: tentacle spike 3, almost no armour, amphibious, 8 rings, camouflage 1,
gelatinous body 1, (nimble swimmer 1), tentacles
a: End Transformation


You were on level 2 of the Dungeon.
One of your tentacles had grown a beastly spike.
You visited 1 branch of the dungeon, and saw 2 of its levels.

You collected 40 gold pieces.

Inventory:

Scrolls
 c - 2 scrolls of enchant armour {unknown}
 e - a scroll of fear {unknown}
 f - a scroll of identify {unknown}
Potions
 a - 2 potions of lignification
 b - a potion of curing {unknown}
 d - a potion of degeneration {unknown}
 g - a potion of enlightenment {unknown}
 h - 2 potions of brilliance {unknown}


   Skills:
 + Level 1.3 Fighting
 + Level 2.2 Dodging
 + Level 3.1 Unarmed Combat
 + Level 2.2 Spellcasting
 + Level 2.2 Transmutations


You had 4 spell levels left.
You knew the following spells:

 Your Spells              Type           Power      Damage    Failure   Level
a - Beastly Appendage     Tmut           16%        N/A       9%          1

Your spell library contained the following spells:

 Spells                   Type           Power      Damage    Failure   Level
 Wereblood                Tmut           8%         N/A       13%         2
 Spider Form              Tmut/Pois      5%         N/A       38%         3
 Ice Form                 Ice/Tmut       5%         N/A       80%         4


Dungeon Overview and Level Annotations

Branches:
Dungeon (2/15)

Altars:

Annotations:
D:2 Robin


Innate Abilities, Weirdness & Mutations

One of your tentacles has grown a beastly spike.
You cannot wear most types of armour.
You are amphibious.
You can wear up to eight rings at the same time.
Your skin changes colour to match your surroundings (Stealth+).
Your rubbery body absorbs attacks. (AC +1, EV +1)
((You are camouflaged when in or above water. (Stealth+)))
You have tentacles for arms and can constrict up to eight enemies at once.


Message History

One of your tentacles grows a vicious spike.
The hobgoblin shouts!
Robin points. "Kill!"
The goblin misses you.
You tentacle-slap the goblin. Your grab misses the goblin.
Your tentacle spike misses the goblin.
The goblin is moderately wounded.
You barely miss the goblin. You grab the goblin.
The goblin is moderately wounded.
You constrict the goblin. The goblin misses you. The goblin barely misses you.
You tentacle-slap the goblin.
You kill the goblin!
Robin says, "My goblins will feast on your bones."
The goblin barely misses you.
Memorise Wereblood, consuming 2 spell levels and leaving 2?
The goblin hits you with a +0 dagger.
Your memorisation is interrupted.
You tentacle-slap the goblin.
You kill the goblin!
Robin roars a battlecry!
The goblins go into a battle-frenzy!
You tentacle-slap the hobgoblin. You grab the hobgoblin.
You squeeze the hobgoblin.
You kill the hobgoblin!
Robin throws the goblin at you! The goblin hits you but does no damage.
You closely miss the goblin. You grab the goblin.
Your transformation is almost over.
You constrict the goblin. The goblin closely misses you.
You tentacle-slap the goblin. You squeeze the goblin.
You kill the goblin!
Robin throws the goblin at you! The goblin hits you but does no damage.
You tentacle-slap the goblin. You grab the goblin.
The goblin is moderately wounded.
You constrict the goblin, but do no damage.
Robin hits you with a +0 falchion. The goblin hits you with a +0 club.
* * * LOW HITPOINT WARNING * * *
You release your grip on the goblin.
The goblin attacks as you move away! The goblin hits you with a +0 club.
* * * LOW HITPOINT WARNING * * *
The goblin attacks as you move away! The goblin hits you with a +0 club.
You die...

## ... ....
########. ....g
#<.......
...ggg##@...####
#.ggg...#
####<..## #...#
#####


You could see Robin, a hobgoblin (strong) and a goblin (strong).

Vanquished Creatures
  An endoplasm (D:1)
  6 goblins
  3 hobgoblins
  A kobold (D:1)
  2 bats (D:1)
  A frilled lizard (D:1)
  A rat (D:1)
15 creatures vanquished.

Notes
Turn   | Place    | Note
-------+----------+-------------------------------------------
     0 | D:1      | Moral the Octopode Transmuter began the quest for the Orb.
     0 | D:1      | Reached XP level 1. HP: 13/13 MP: 3/3
   284 | D:1      | Reached XP level 2. HP: 18/18 MP: 3/5
   981 | D:2      | Noticed Robin
   993 | D:2      | Slain by a goblin

Illustrated notes

Levels and vault maps discovered:
D:1:      minmay_arrival_semitransparent, layout_basic, serial_forest,
          infiniplex_forest_corner_1, infiniplex_forest_lined_3,
          infiniplex_forest_clump_tiny, infiniplex_forest_end_2,
          infiniplex_forest_clump_long, infiniplex_forest_join,
          nicolae_eternal_life
D:2:      layout_rooms, basic_altar, uniq_robin

Action                     || total
---------------------------++-------
  Melee: Unarmed           ||    34
         Kick              ||     8
         Constrict         ||    11
         Tentacles         ||     9
   Cast: Beastly Appendage ||    12
   Stab: Sleeping          ||     2
 Armour: Skin              ||     5
  Dodge: Dodged            ||    19

Table legend: (Time is in decaauts)
 A = Elapsed time spent in this place.
 B = Non-inter-level travel time spent in this place.
 C = Inter-level travel time spent in this place.
 D = Time resting spent in this place.
 E = Time spent auto-exploring this place.
 F = Levels seen in this place.
 G = Mean time per level.
                   A        B        C        D        E       F      G
               +--------+--------+--------+--------+--------+-----+--------+
         Total |    990 |    975 |     15 |      0 |    841 |   2 |  495.0 |
       Dungeon |    990 |    975 |     15 |      0 |    841 |   2 |  495.0 |
               +--------+--------+--------+--------+--------+-----+--------+

Top non-repeatable levels by time:
     D:1: 976 daAuts
     D:2: 14 daAuts
